 Dungeon Crawl Stone Soup version 0.25-a0-731-g0472a16d6a (webtiles) character file.

Game seed: 6415417432180024374, levelgen mode: deterministic

34352 Amnesiac the Gelid (level 13, -16/118 HPs)
             Began as a Merfolk Ice Elementalist on Apr 8, 2020.
             Was a High Priest of Vehumet.
             Demolished by a minotaur
             ... wielding an uncursed staff of conjuration
              (22 damage)
             ... in a Gauntlet.
             The game lasted 00:41:36 (16314 turns).

Amnesiac the Gelid (Merfolk Ice Elementalist)      Turns: 16314, Time: 00:41:37

Health: -16/118    AC: 12    Str:  8    XL:     13   Next: 76%
Magic:  0/38       EV: 22    Int: 30    God:    Vehumet [*****.]
Gold:   1416       SH:  0    Dex: 18    Spells: 3/37 levels left

rFire    + . .     SeeInvis +   X - +1 long sword "Joxys" {vorpal, MR++ SInv}
rCold    + . .     Gourm    .   (no shield)
rNeg     . . .     Faith    .   T - +2 robe {Archmagi}
rPois    +         Spirit   +   K - +1 helmet
rElec    .         Reflect  .   z - scarf {rC+ rF+}
rCorr    +         Harm     .   W - +1 pair of gloves {Dex+3}
MR       +++..     NoTele   +   J - +0 pair of boots
Stlth    ..........             u - amulet "Puxkiff" {Spirit MP+9 Int+6}
HPRegen  0.29/turn              H - +3 ring of protection
MPRegen  0.26/turn              P - ring "Wiecroipp" {rPois MR+ rCorr Int+5}

@: berserking (expiring), stab, very quick
A: change form in water, swift swim, stealthy swim
a: Renounce Religion


You were in a Gauntlet.
You worshipped Vehumet.
Vehumet was extremely pleased with you.
You were full.

You visited 4 branches of the dungeon, and saw 18 of its levels.
You also visited: Gauntlet.

You collected 1639 gold pieces.
You spent 223 gold pieces at shops.

Inventory:

Hand Weapons
 a - a +0 hunting sling
 b - a +0 long sword
 w - a cursed -3 lajatang
 O - the cursed +0 dagger of the Elven Halls {chaos, Str+2 Int+4 Dex+2}
   (You took it off a big kobold on level 9 of the Dungeon)

   Each time it hits an enemy it has a different, random effect.
   It affects your strength (+2).
   It affects your intelligence (+4).
   It affects your dexterity (+2).
   It has a curse placed upon it.
 X - the +1 long sword "Joxys" (weapon) {vorpal, MR++ SInv}
   (You found it in a Gauntlet)

   It inflicts extra damage upon your enemies.
   It affects your resistance to hostile enchantments.
   It lets you see invisible.
Missiles
 d - 103 poisoned darts (quivered)
 k - 165 stones
 F - 66 sling bullets
Armour
 v - a +0 troll leather armour
 z - a scarf of resistance (worn)
 D - a scarf of cloud immunity
 J - a +0 pair of boots (worn)
 K - a +1 helmet (worn)
 T - a +2 robe of the Archmagi (worn)
 U - +0 swamp dragon scales
 W - a +1 pair of gloves of dexterity (worn)
Jewellery
 f - an uncursed ring of poison resistance
 g - an uncursed ring of protection from magic
 u - the amulet "Puxkiff" (around neck) {Spirit MP+9 Int+6}
   (You found it on level 4 of the Dungeon)

   [amulet of guardian spirit]

   It causes incoming damage to be split between your health and magic.
   It affects your intelligence (+6).
   It affects your magic capacity (+9).
 H - a +3 ring of protection (left hand)
 I - an uncursed ring of fire
 P - the ring "Wiecroipp" (right hand) {rPois MR+ rCorr Int+5}
   (You found it in a Gauntlet)

   [ring of resist corrosion]

   It affects your intelligence (+5).
   It protects you from poison.
   It affects your resistance to hostile enchantments.
   It provides partial protection from all sources of acid and corrosion.
 S - an uncursed ring of ice
 V - the ring "Wapp" {rC+ SInv}
   (You took it off an efreet in a Gauntlet)

   [ring of protection from cold]

   It protects you from cold.
   It lets you see invisible.
Wands
 h - a wand of acid (22)
 y - a wand of polymorph (13)
 E - a wand of flame (19)
 N - a wand of random effects (19)
 Q - a wand of iceblast (7)
Scrolls
 i - 6 scrolls of remove curse {!r}
 p - 4 scrolls of identify {!r}
 A - a scroll of fog {!r}
 G - 5 scrolls of teleportation {!r}
 L - a scroll of vulnerability {!r}
 R - a scroll of blinking {!r}
Potions
 e - 2 potions of lignification {!q}
 j - a potion of haste {!q}
 l - 2 potions of cancellation {!q, unknown}
 m - 3 potions of curing {!q}
 n - 3 potions of berserk rage {!q}
 o - 4 potions of stabbing {!q}
 q - 3 potions of brilliance {!q, unknown}
 r - a potion of ambrosia {!q, unknown}
 s - 2 potions of resistance {!q, unknown}
 x - 2 potions of mutation {!q}
 B - 4 potions of heal wounds {!q, unknown}
 C - 3 potions of flight {!q, unknown}
 M - a potion of invisibility {!q}
Comestibles
 c - 22 rations


   Skills:
 - Level 12.0 Dodging
 - Level 2.1 Stealth
 + Level 12.8 Spellcasting
 - Level 17.1 Ice Magic


You had 3 spell levels left.
You knew the following spells:

 Your Spells              Type           Power        Failure   Level  Hunger
a - Airstrike             Air            ####......   7%          4    None
b - Frozen Ramparts       Ice            ######       0%          3    None
c - Summon Ice Beast      Ice/Summ       #######.     1%          4    None
d - Mephitic Cloud        Conj/Pois/Air  ####....     2%          3    None
e - Sticky Flame          Conj/Fire      ####....     7%          4    None
f - Freeze                Ice            ####         0%          1    None
g - Ensorcelled Hibernat  Hex/Ice        ######       1%          2    None
h - Hailstorm             Conj/Ice       #######.     1%          4    None
i - Freezing Cloud        Conj/Ice/Air   ######....   11%         6    ####...
z - Ozocubu's Armour      Chrm/Ice       #######.     1%          3    None

Your spell library contained the following spells:

 Spells                   Type           Power        Failure   Level  Hunger
 Foxfire                  Conj/Fire      ####         1%          1    None
 Animate Skeleton         Necr           N/A          2%          1    None
 Apportation              Tloc           ####..       2%          1    None
 Corona                   Hex            ####...      2%          1    None
 Summon Small Mammal      Summ           ####         2%          1    None
 Conjure Flame            Conj/Fire      ####....     2%          3    None
 Dazzling Flash           Conj/Hex       ####..       2%          3    None
 Ignite Poison            Fire/Tmut/Pois ####....     2%          3    None
 Inner Flame              Hex/Fire       ####....     2%          3    None
 Confusing Touch          Hex            ####....     8%          3    None
 Tukima's Dance           Hex            ####....     8%          3    None
 Bolt of Magma            Conj/Fire/Erth ####......   19%         5    #......
 Fireball                 Conj/Fire      ####......   19%         5    #......
 Iskenderun's Battlesphe  Conj/Chrm      ####....     19%         5    #......
 Iron Shot                Conj/Erth      ####......   67%         6    ####...
 Starburst                Conj/Fire      ####......   67%         6    ####...
 Orb of Destruction       Conj           ####......   99%         7    ######.
 Spellforged Servitor     Conj/Summ      ####......   99%         7    ######.
 Ring of Flames           Chrm/Fire      ####......   100%        7    ######.
 Ignition                 Fire           ####......   100%        8    #######


Dungeon Overview and Level Annotations

Branches:
Dungeon (11/15)            Temple (1/1) D:4            Lair (4/6) D:11
 Shoals (0/4) Lair:2          Orc (2/2) D:11            Elf (0/3) Orc:2
Gauntlet (1/1)
  Snake: Lair:2-4    Spider: Lair:2-4

Altars:
Ashenzari
Cheibriados
Dithmenos
Elyvilon
Fedhas
Gozag
Hepliaklqana
Kikubaaqudgha
Makhleb
Nemelex Xobeh
Okawaru
Qazlal
Ru
Sif Muna
Trog
Uskayaw
Vehumet
Wu Jian
Xom
Yredelemnul
Zin
The Shining One
Beogh

Shops:
D:4 (   Orc:2 *([=

Annotations:
Lair:2 exclusion: 3 oklob plants
Lair:3 Nergalle
Lair:4 exclusion: catoblepas Gauntlet 10 transporters


Message History

Casting: Summon Ice Beast (safe; 1% risk of failure)
Confirm with . or Enter, or press ? or * to list all spells.
You feel a surge of power! A chill wind blows around you.
The wall freezes the minotaur!
The minotaur throws a javelin.
The javelin pierces through your ice beast!!
The javelin barely misses you.
The minotaur blocks your ice beast's attack.
The wall freezes the minotaur.
The minotaur throws a javelin.
The javelin misses your ice beast. The javelin barely misses you.
The minotaur blocks your ice beast's attack.
The minotaur furiously retaliates!
The minotaur headbutts your ice beast!
The wall freezes the minotaur!
The minotaur throws a javelin.
The javelin pierces through your ice beast!!
Your ice beast dies!
The javelin pierces through you but does no damage.
The minotaur furiously retaliates!
The minotaur headbutts your ice beast!
You swap places.
Casting: Summon Ice Beast (safe; 1% risk of failure)
Confirm with . or Enter, or press ? or * to list all spells.
You feel a surge of power! A chill wind blows around you.
The wall freezes the minotaur!
The minotaur hits your ice beast with an uncursed staff of conjuration!
The minotaur gores your ice beast!
The minotaur blocks your ice beast's attack.
The wall freezes the minotaur.
The minotaur throws a javelin.
The javelin pierces through your ice beast!!
Your ice beast dies!
The javelin pierces through you!
* * * LOW HITPOINT WARNING * * *
You swap places.
The wall freezes the minotaur.
The minotaur throws a javelin.
The javelin pierces through your ice beast.
The javelin closely misses you.
You see here a javelin.
The wall freezes the minotaur!
The minotaur throws a javelin.
The javelin pierces through your ice beast!!
The javelin pierces through you!!
* * * LOW HITPOINT WARNING * * *
Really quaff
o - 5 lumpy puce potions {!q}?
It was a potion of stabbing {!q}.
You feel ready to backstab.
The frozen ramparts melt away.
The minotaur hits your ice beast with an uncursed staff of conjuration!!
The minotaur gores your ice beast!
Your ice beast dies!
Really quaff
n - 4 silvery potions {!q}?
It was a potion of berserk rage {!q}.
A red film seems to cover your vision as you go berserk!
You feel yourself moving faster!
You feel mighty!
The minotaur throws a javelin.
The javelin barely misses you.
You are too berserk!
You are too berserk!
X - the +1 long sword "Joxys" (weapon)
{vorpal, MR++ SInv} You feel a strong urge to attack something.
The minotaur throws a javelin.
The javelin barely misses you.
You see here a javelin.
You feel your anger nearly subside.
The minotaur hits you with an uncursed staff of conjuration.
* * * LOW HITPOINT WARNING * * *
The minotaur misses you.
You see here 4 javelins.
You hit the minotaur.
The minotaur is almost dead.
The minotaur hits you with an uncursed staff of conjuration!!
You die...

8#
#≈...............≈#
#8 ##
#8.8.8.8.8.8.8.8.8#
##
#≈...............≈#
#########.#########
#####.# #.....#
#.####### #.#..YH(#
#.#.###@# #.# #(#
#.# #(# #.# #.# #.#
#.# #.#####.#
#.......# #########


You could see a minotaur and a friendly ice beast.

Vanquished Creatures
  Nessos (Orc:2)
  3 hydras
  Fannar (Lair:1)
  A two-headed ogre (D:8)
  Sonja (Lair:3)
  A sun demon (Gauntlet)
  An ugly thing (D:11)
  3 orc knights (Orc:2)
  A centaur zombie (D:11)
  6 elephants (Lair:3)
  A black mamba (Lair:1)
  4 spiny frogs
  A hellion (Gauntlet)
  A gargoyle (D:11)
  3 kobold demonologists (D:9)
  2 komodo dragons
  An efreet (Gauntlet)
  A polar bear (Lair:2)
  4 trolls
  The ghost of Iscandelvey the Charmwright, an amateur DsSk (D:4)
  A hornet (D:8)
  A slime creature (D:11)
  6 blink frogs (Lair:1)
  6 hippogriffs
  Sigmund (D:5)
  5 yaks (Lair:2)
  2 fire elementals (Gauntlet)
  2 steam dragons (D:11)
  2 wargs (Orc:2)
  8 water moccasins
  4 porcupines
  2 hell hounds (Gauntlet)
  2 sky beasts
  34 orc warriors
  2 phantoms
  6 ogres
  3 crocodiles
  3 centaurs
  7 big kobolds
  9 bullfrogs
  3 scorpions
  A water moccasin skeleton (D:11)
  2 wights (D:11)
  A howler monkey (D:9)
  6 crimson imps
  2 bullfrog zombies
  3 jellies (D:11)
  A bullfrog skeleton (D:4)
  4 hounds
  26 orc priests
  22 orc wizards
  An iguana (D:11)
  2 centaur skeletons
  9 worker ants
  A killer bee zombie (D:5)
  A worker ant zombie (D:7)
  10 adders
  3 shadow imps
  5 oozes (D:11)
  4 adder zombies
  2 adder skeletons
  2 worms
  5 leopard geckos
  96 orcs
  4 giant cockroaches
  5 goblins (D:3)
  12 hobgoblins
  7 jackals (D:6)
  6 quokkas
  2 ball pythons
  9 bats
  5 frilled lizards
  14 kobolds
  A quokka skeleton (D:4)
  5 rats
426 creatures vanquished.

Vanquished Creatures (collateral kills)
  An orc warlord (Orc:2)
  The ghost of Tungsten the Basher, a journeyman OgHu of Okawaru (D:9)
  A two-headed ogre (D:7)
  2 orc sorcerers
  4 elephants (Lair:3)
  Maggie (Lair:1)
  A komodo dragon (Lair:1)
  A rime drake (Lair:1)
  8 blink frogs
  2 hungry ghosts
  4 wargs
  A water moccasin (Lair:1)
  2 ice beasts
  A black bear (D:9)
  A centaur (D:7)
  3 big kobolds (D:9)
  A wight (D:11)
  2 orc wizards
  A leopard gecko (D:7)
  3 orcs
  2 kobolds (D:9)
43 creatures vanquished.

Vanquished Creatures (others)
  2 demonic plants (Gauntlet)
  7 fungi
  18 plants
27 creatures vanquished.

Grand Total: 496 creatures vanquished

Notes
Turn   | Place    | Note
-------+----------+-------------------------------------------
     0 | D:1      | Amnesiac the Merfolk Ice Elementalist began the quest for
                  | the Orb.
     0 | D:1      | Reached XP level 1. HP: 13/13 MP: 3/3
   227 | D:1      | Reached XP level 2. HP: 14/19 MP: 0/5
   499 | D:3      | Reached skill level 5 in Ice Magic
   559 | D:3      | Reached XP level 3. HP: 24/24 MP: 4/6
   590 | D:3      | Learned a level 3 spell: Frozen Ramparts
   597 | D:3      | Learned a level 3 spell: Ozocubu's Armour
   677 | D:3      | Found an opulent altar of Gozag.
   712 | D:4      | Reached XP level 4. HP: 26/30 MP: 1/8
   810 | D:4      | Reached skill level 6 in Ice Magic
   810 | D:4      | Reached XP level 5. HP: 20/35 MP: 1/9
   840 | D:4      | HP: 1/35 [crimson imp (3)]
  1193 | D:4      | Found a staircase to the Ecumenical Temple.
  1194 | D:4      | Reached XP level 6. HP: 41/41 MP: 8/11
  1200 | D:4      | Learned a level 4 spell: Summon Ice Beast
  1231 | Temple   | Entered the Ecumenical Temple
  1567 | Temple   | Became a worshipper of Vehumet
  2309 | D:2      | Found a faded altar of an unknown god.
  2907 | D:3      | Reached skill level 7 in Ice Magic
  3015 | D:3      | Reached * piety under Vehumet
  3015 | D:3      | Offered knowledge of Foxfire by Vehumet.
  3627 | D:4      | Found a transporter.
  3652 | D:4      | Noticed Iscandelvey's ghost (amateur DsSk)
  3707 | D:4      | Found a snail-covered altar of Cheibriados.
  3720 | D:4      | Found a bloodstained altar of Trog.
  3735 | D:4      | Found a transporter.
  3875 | D:4      | Found a blossoming altar of Fedhas.
  3886 | D:4      | Found a white marble altar of Elyvilon.
  4083 | D:4      | Noticed a phantom
  4138 | D:4      | Killed a phantom
  4138 | D:4      | Reached skill level 8 in Ice Magic
  4138 | D:4      | Reached XP level 7. HP: 19/46 MP: 7/13
  4357 | D:4      | Reached ** piety under Vehumet
  4357 | D:4      | Offered knowledge of Searing Ray by Vehumet.
  4363 | D:4      | Found Furuf's Weapon Shop.
  4373 | D:4      | Bought a cursed -3 lajatang for 1 gold piece
  4455 | D:4      | Killed Iscandelvey's ghost
  4465 | D:4      | Got a fine bone amulet
  4466 | D:4      | Identified the amulet "Puxkiff" {Spirit MP+9 Int+6} (You
                  | found it on level 4 of the Dungeon)
  4567 | D:5      | Entered Level 5 of the Dungeon
  4653 | D:5      | Noticed Sigmund
  4665 | D:5      | Killed Sigmund
  4665 | D:5      | Reached skill level 5 in Spellcasting
  4665 | D:5      | Reached skill level 9 in Ice Magic
  4665 | D:5      | Reached XP level 8. HP: 36/52 MP: 12/15
  5373 | D:6      | Reached skill level 10 in Ice Magic
  5461 | D:6      | Found a burning altar of Makhleb.
  6022 | D:7      | Noticed a hippogriff
  6030 | D:7      | Killed a hippogriff
  6030 | D:7      | Reached XP level 9. HP: 55/57 MP: 18/18
  6072 | D:7      | Reached skill level 11 in Ice Magic
  6244 | D:7      | Learned a level 4 spell: Hailstorm
  6631 | D:7      | Noticed a two-headed ogre
  6640 | D:7      | Killed a two-headed ogre
  7006 | D:8      | Noticed a two-headed ogre
  7021 | D:8      | Found an ornate altar of the Wu Jian Council.
  7033 | D:8      | Killed a two-headed ogre
  7033 | D:8      | Reached skill level 5 in Dodging
  7033 | D:8      | Reached skill level 12 in Ice Magic
  7033 | D:8      | Reached XP level 10. HP: 59/63 MP: 20/20
  7148 | D:8      | Offered knowledge of Stone Arrow by Vehumet.
  7411 | D:8      | Reached *** piety under Vehumet
  7860 | D:9      | Noticed a kobold demonologist
  7861 | D:9      | Found a runed translucent gate.
  7861 | D:9      | Noticed a kobold demonologist
  7862 | D:9      | Found a runed translucent gate.
  7862 | D:9      | Noticed a kobold demonologist
  7863 | D:9      | Found a runed translucent gate.
  7863 | D:9      | Identified the cursed +0 dagger of the Elven Halls {chaos,
                  | Str+2 Int+4 Dex+2}
  7882 | D:9      | Noticed Tungsten's ghost (journeyman OgHu)
  7978 | D:9      | Found a shattered altar of Ashenzari.
  8078 | D:9      | Found a glowing golden altar of the Shining One.
  8196 | D:9      | Reached skill level 13 in Ice Magic
  8211 | D:9      | Offered knowledge of Sticky Flame by Vehumet.
  8535 | D:9      | Found a stormy altar of Qazlal.
  8536 | D:9      | Found a blossoming altar of Fedhas.
  8895 | D:9      | Learned a level 4 spell: Sticky Flame
  8984 | D:9      | Found a hide-covered altar of Uskayaw.
  9303 | D:10     | Entered Level 10 of the Dungeon
 10034 | D:11     | Reached **** piety under Vehumet
 10145 | D:11     | Noticed a gargoyle
 10163 | D:11     | Killed a gargoyle
 10163 | D:11     | Reached XP level 11. HP: 62/68 MP: 23/23
 10256 | D:11     | Offered knowledge of Mephitic Cloud by Vehumet.
 10261 | D:11     | Learned a level 3 spell: Mephitic Cloud
 10332 | D:11     | Reached skill level 14 in Ice Magic
 10336 | D:11     | Found a staircase to the Orcish Mines.
 10580 | D:11     | Noticed a red ugly thing
 10602 | D:11     | Killed a red ugly thing
 10748 | D:11     | Found a staircase to the Lair.
 10972 | D:11     | Learned a level 1 spell: Freeze
 11024 | Orc:1    | Entered Level 1 of the Orcish Mines
 11221 | Orc:2    | Entered Level 2 of the Orcish Mines
 11276 | Orc:1    | Noticed an orc sorcerer
 11281 | Orc:1    | Killed an orc sorcerer
 11565 | Orc:2    | Reached ***** piety under Vehumet
 11568 | Orc:2    | Offered knowledge of Lee's Rapid Deconstruction by Vehumet.
 11572 | Orc:2    | Learned a level 2 spell: Ensorcelled Hibernation
 11635 | Orc:2    | Noticed an orc knight
 11660 | Orc:2    | Killed an orc knight
 11685 | Orc:2    | Found a roughly hewn altar of Beogh.
 11685 | Orc:2    | Found Dipahae's General Store.
 11719 | Orc:2    | Bought a scroll of blinking for 97 gold pieces
 11806 | Orc:2    | Noticed an orc knight
 11825 | Orc:2    | Killed an orc knight
 11986 | Orc:2    | Noticed Nessos
 12003 | Orc:2    | Killed Nessos
 12003 | Orc:2    | Reached skill level 10 in Dodging
 12003 | Orc:2    | Reached skill level 15 in Ice Magic
 12196 | Orc:2    | Found a roughly hewn altar of Beogh.
 12248 | Orc:2    | Noticed an orc knight
 12263 | Orc:2    | Killed an orc knight
 12263 | Orc:2    | Reached XP level 12. HP: 66/74 MP: 25/25
 12448 | Orc:2    | Found a roughly hewn altar of Beogh.
 12517 | Orc:2    | Found a roughly hewn altar of Beogh.
 12555 | Orc:2    | Found a staircase to the Elven Halls.
 12598 | Orc:2    | Found a roughly hewn altar of Beogh.
 12634 | Orc:2    | Found a roughly hewn altar of Beogh.
 12654 | Orc:2    | Found Limno's Jewellery Boutique.
 12850 | Orc:2    | Offered knowledge of Airstrike by Vehumet.
 12860 | Orc:2    | Learned a level 4 spell: Airstrike
 12887 | Orc:2    | Found a roughly hewn altar of Beogh.
 13040 | Orc:2    | Noticed an orc warlord
 13081 | Orc:2    | Killed an orc warlord
 13199 | Orc:2    | Found Qyh Poel's Antique Armour Boutique.
 13201 | Orc:2    | Found a roughly hewn altar of Beogh.
 13205 | Orc:2    | Found Fiymm's Antique Weapon Shop.
 13273 | Orc:2    | Bought an embroidered robe for 125 gold pieces
 13473 | D:9      | Reached skill level 10 in Spellcasting
 13481 | D:9      | Reached skill level 16 in Ice Magic
 13505 | D:9      | Killed Tungsten's ghost
 13684 | Lair:1   | Entered Level 1 of the Lair of Beasts
 13997 | Lair:1   | Offered knowledge of Freezing Cloud by Vehumet.
 14039 | Lair:1   | Noticed a five-headed hydra
 14052 | Lair:1   | Killed a five-headed hydra
 14069 | Lair:1   | Reached XP level 13. HP: 64/79 MP: 27/27
 14221 | Lair:1   | Noticed Fannar
 14237 | Lair:1   | Killed Fannar
 14255 | Lair:1   | Noticed Maggie
 14271 | Lair:1   | Killed Maggie
 14352 | Lair:1   | Reached skill level 17 in Ice Magic
 14799 | Lair:2   | Learned a level 6 spell: Freezing Cloud
 14816 | Lair:2   | Found a staircase to the Shoals.
 15319 | Lair:2   | You fall into a shaft and drop 2 floors!
 15631 | Lair:3   | Noticed Sonja
 15683 | Lair:3   | Killed Sonja
 15720 | Lair:3   | Found a gate leading to a gauntlet.
 15726 | Lair:3   | Noticed Nergalle
 15729 | Gauntlet | Entered a Gauntlet
 15729 | Gauntlet | Found a transporter.
 15729 | Gauntlet | Found a transporter.
 15733 | Gauntlet | Found a transporter.
 15749 | Gauntlet | Found a transporter.
 15750 | Gauntlet | Found a transporter.
 15751 | Gauntlet | Found a transporter.
 15751 | Gauntlet | Noticed a green death
 15756 | Gauntlet | Found a transporter.
 15785 | Gauntlet | Found a transporter.
 15785 | Gauntlet | Found a transporter.
 15794 | Gauntlet | Found a transporter.
 15828 | Gauntlet | Found a transporter.
 15875 | Gauntlet | Found a transporter.
 15893 | Gauntlet | Identified the ring "Wapp" {rC+ SInv}
 15896 | Gauntlet | Found a transporter.
 15982 | Gauntlet | Found a transporter.
 15997 | Gauntlet | Found a transporter.
 16015 | Gauntlet | Found a transporter.
 16109 | Gauntlet | Got a twitching steel ring
 16205 | Gauntlet | Got an ancient long sword
 16209 | Gauntlet | Identified the ring "Wiecroipp" {rPois MR+ rCorr Int+5}
                  | (You found it in a Gauntlet)
 16294 | Gauntlet | Noticed a minotaur
 16311 | Gauntlet | Identified the +1 long sword "Joxys" {vorpal, MR++ SInv}
                  | (You found it in a Gauntlet)
 16313 | Gauntlet | HP: 5/118 [minotaur/uncursed staff of conjuration (4)]
 16314 | Gauntlet | Demolished by a minotaur

Levels and vault maps discovered:
D:1:      tarquinn_simple_flora_water_d, layout_loops_cross
D:2:      layout_basic, chequers_ecumenical_altar_simple_redux,
          ebering_dispersal_statue_hall
D:3:      corexii_shack_village, layout_loops_cross,
          nicolae_gozag_cash_rules_everything_around_me
D:4:      layout_loops_corners, kennysheep_mini,
          gammafunk_temple_overflow_pools, temple_fountains,
          gammafunk_ghost_arena, first_ration, serial_shops, shop,
          kennysheep_another_room, fedhas_ov_isle_minmay
D:5:      layout_loops_ring, uniq_sigmund
D:6:      layout_gridville, basic_altar
D:7:      layout_cave_pods
D:8:      layout_basic, lemuel_coloured_pillars_altar
D:9:      layout_grid_maze, grunt_temple_overflow_forces_of_nature,
          lemuel_crystal_altar, overflow_temple_1_default, lemuel_doored_altar,
          gammafunk_ghost_nasty_kobolds
D:10:     layout_roguey
D:11:     cheibrodos_steamvent, layout_basic, lair_entry_dummy, david_orc_2,
          hangedman_little_slice_of_home
Temple:   minmay_temple_forest_path
Lair:1:   layout_long_grid, beast_lair_carwin_2, grunt_megastairs_2,
          uniq_fannar, uniq_maggie
Lair:2:   layout_loops_ring, elwin_shoals_entry_rocks, minmay_lair_oklob_chamber
Lair:3:   layout_long_grid, spider_nest_entry_rubble, gauntlet_entry_generic,
          uniq_sonja, uniq_nergalle
Lair:4:   layout_cave_pods, lightli_volcano_entry_magma_tube
Orc:1:    layout_caves
Orc:2:    grunt_orc_community_town_hall, layout_caves,
          grunt_orc_community_big_house_1, grunt_orc_community_big_house_1,
          grunt_orc_community_house_1, grunt_orc_community_house_2,
          grunt_orc_community_house_2, grunt_orc_community_house_1,
          grunt_orc_community_house_1, grunt_orc_community_house_3, basic_altar,
          minmay_orc_temple_b, uniq_nessos
Gauntlet: gammafunk_gauntlet_branching [nicolae_gauntlet_swirl,
          nicolae_gauntlet_arena_t_cross, gammafunk_gauntlet_arena_arrow_garden,
          gammafunk_gauntlet_arena_teeth, gammafunk_gauntlet_arena_mazey,
          gammafunk_gauntlet_arena_chambers, nicolae_gauntlet_arena_blocks,
          gammafunk_gauntlet_arena_grid, gauntlet_exit_spiral]

Skill      XL: |  1  2  3  4  5  6  7  8  9 10 11 12 13 |
---------------+----------------------------------------+-----
Ice Magic      | 5 6 8 9 10 12 13 15 16 17 | 17.1
Spellcasting   | 3 4 5 6 7 8 9 10 12 | 12.8
Dodging        | 5 8 10 12 | 12.0
Stealth        | |  2.1

Action                   |  1- 3 |  4- 6 |  7- 9 | 10-12 | 13-15 || total
-------------------------+-------+-------+-------+-------+-------++-------
Melee: Unarmed           |     5 |       |       |       |       ||     5
       Long sword        |       |       |       |       |     1 ||     1
 Fire: Hunting sling     |    16 |   133 |   270 |   786 |   151 ||  1356
 Cast: Freeze            |    24 |    17 |       |       |       ||    41
       Frozen Ramparts   |     1 |    22 |    30 |   119 |    42 ||   214
       Summon Ice Beast  |       |       |     8 |    39 |    17 ||    64
       Ozocubu's Armour  |       |       |       |     1 |       ||     1
       Sticky Flame      |       |       |       |       |     3 ||     3
Evoke: Wand              |       |       |       |     4 |       ||     4
  Use: Scroll            |       |     3 |       |     8 |     4 ||    15
       Potion            |       |       |       |     3 |     3 ||     6
  Eat: Chunk             |       |    12 |    10 |    24 |     5 ||    51
       Ration            |       |       |       |       |     2 ||     2
Armor: Robe              |     2 |     8 |    12 |    64 |    41 ||   127
       Steam dragon scal |       |       |       |    47 |       ||    47
Dodge: Dodged            |    14 |    45 |   130 |   423 |   188 ||   800

Table legend:
 A = Non-vault XP
 B = Vault XP
 C = Vault XP percentage of total XP
 D = Non-vault monster count
 E = Vault monster count
 F = Vault count percentage of total count
                 A         B        C        D         E       F
            +---------+---------+-------+---------+---------+-------
      Total |   29717 |   19358 |  39.4 |     306 |     163 |  34.8
            +---------+---------+-------+---------+---------+-------
        D:1 |      29 |       0 |   0.0 |      19 |       0 |   0.0
        D:2 |      20 |       0 |   0.0 |       6 |       0 |   0.0
        D:3 |      87 |      24 |  21.6 |      19 |      11 |  36.7
        D:4 |     609 |     278 |  31.3 |      23 |       2 |   8.0
        D:5 |     304 |     231 |  43.2 |       9 |       1 |  10.0
        D:6 |     506 |       0 |   0.0 |      19 |       0 |   0.0
        D:7 |    1824 |       0 |   0.0 |      17 |       0 |   0.0
        D:8 |    2050 |       0 |   0.0 |      24 |       0 |   0.0
        D:9 |    1217 |    2644 |  68.5 |      31 |      11 |  26.2
       D:10 |    1191 |       0 |   0.0 |      11 |       0 |   0.0
       D:11 |    2739 |     818 |  23.0 |      20 |      19 |  48.7
     Lair:1 |    4403 |    4291 |  49.4 |      15 |      16 |  51.6
     Lair:2 |    5490 |       0 |   0.0 |      19 |       0 |   0.0
     Lair:3 |    5122 |     814 |  13.7 |      17 |       1 |   5.6
      Orc:1 |    1207 |       0 |   0.0 |      15 |       0 |   0.0
      Orc:2 |    2919 |    8036 |  73.4 |      42 |      95 |  69.3
   Gauntlet |       0 |    2222 | 100.0 |       0 |       7 | 100.0
            +---------+---------+-------+---------+---------+-------
